 Dungeon Crawl Stone Soup version 0.21.1-1-g345015fe64 (webtiles) character file.

57 Fascinator the Skirmisher (level 3, -2/30 HPs)
             Began as a Mummy Chaos Knight on July 3, 2018.
             Slain by a gnoll
             ... wielding a +0 halberd
              (8 damage)
             ... on level 1 of the Dungeon.
             The game lasted 00:02:05 (1270 turns).

Fascinator the Skirmisher (Mummy Chaos Knight)      Turns: 1270, Time: 00:02:06

Health: -2/30      AC: 11    Str: 16    XL:     3   Next: 73%
Magic:  3/3        EV:  4    Int: 11    God:    Xom [..*...]
Gold:   63         SH:  0    Dex: 11    Spells: 2/2 levels left

rFire    x . .     SeeInvis .   a - +0 hand axe (chaos)
rCold    + . .     Gourm    .   (no shield)
rNeg     + + +     Faith    .   f - +0 plate armour
rPois    ∞         Spirit   .   (no helmet)
rElec    .         Reflect  .   (no cloak)
rCorr    .         Harm     .   (no gloves)
MR       .....                  (no boots)
Stlth    ..........             (no amulet)
HPRegen  0.10/turn              (no ring)
MPRegen  0.08/turn              (no ring)

@: no status effects
A: no food or potions, fire vulnerability, cold resistance 1, negative energy
resistance 3, torment resistance, unbreathing
a: Renounce Religion


You were on level 1 of the Dungeon.
You worshipped Xom.
You were a toy of Xom.
You were not hungry.

You visited 1 branch of the dungeon, and saw 2 of its levels.

You collected 63 gold pieces.

Inventory:

Hand Weapons
 a - a +0 hand axe of chaos (weapon)
Missiles
 d - 6 tomahawks (quivered)
Armour
 b - a +2 leather armour
 f - a +0 plate armour (worn)
Wands
 g - a wand of random effects (12)
Scrolls
 c - a scroll of remove curse {unknown}
 e - a scroll of identify {unknown}
 h - a scroll of fog {unknown}


   Skills:
 + Level 3.9 Fighting
 - Level 2.4 Axes
 + Level 2.3 Armour
 - Level 0.7 Dodging
 + Level 1.0 Evocations


You had 2 spell levels left.
You didn't know any spells.

Dungeon Overview and Level Annotations

Branches:
Dungeon (2/15)

Altars:


Innate Abilities, Weirdness & Mutations

You do not eat or drink.
Your flesh is vulnerable to fire.
You are immune to poison.
Your flesh is cold resistant. (rC+)
You are immune to negative energy. (rN+++)
You are immune to unholy pain and torment.
You can survive without breathing.


Message History

You are too injured to fight recklessly!
You are too injured to fight recklessly!
The gnoll hits you but does no damage.
The gnoll hits you from afar with a spear.
You emit a cloud of colourful smoke!
There is an escape hatch in the ceiling here.
The gnoll hits you with a halberd.
* * * LOW HITPOINT WARNING * * *
The gnoll hits you with a flail.
* * * LOW HITPOINT WARNING * * *
The gnoll hits you but does no damage. A mysterious force pulls you upwards.
The hatch slams shut behind you.
Evoke which item? (* to show all) (? for menu, Esc to quit)
Aiming: Random Effects
Press: ? - help, Shift-Dir - straight line, f - gnoll
Aim: a gnoll, wielding a halberd The gnoll resists with significant effort.
The gnoll hits you with a halberd!
You die...
Xom roars with laughter!

#.# #########..## #.#
#.... #.## ##.... #..#
##.....
##.#########..####
###..#...........##
#......#########.#.
#.g..####### #...
#g@........## #..≈
######.#####..# #..≈
##......## ##.# ##.≈
##........# #.# ##.≈
#.........# #.# #...
#.........# #.####...
#.........# #...##.#.
#.........#######.##...
#............>.........


You could see 2 gnolls.

Vanquished Creatures
  A gnoll (D:1)
  3 adders
  An ooze (D:2)
  A leopard gecko (D:2)
  A giant cockroach (D:2)
  3 goblins (D:2)
  3 hobgoblins
  4 rats
17 creatures vanquished.

Notes
Turn   | Place    | Note
-------+----------+-------------------------------------------
     0 | D:1      | Fascinator the Mummy Chaos Knight began the quest for the Orb.
     0 | D:1      | Reached XP level 1. HP: 18/18 MP: 1/1
   571 | D:2      | XOM: potion effect (brilliance)
   581 | D:2      | Reached XP level 2. HP: 16/24 MP: 2/2
   920 | D:2      | XOM: potion effect (agility)
   926 | D:2      | Reached XP level 3. HP: 21/30 MP: 3/3
   947 | D:1      | Reached skill level 1 in Evocations
  1267 | D:2      | XOM: smoke on damage
  1270 | D:1      | Slain by a gnoll

Skill      XL: |  1  2  3 |
---------------+----------+-----
Armour         | 2 |  2.3
Evocations     | 1 |  1.0
Fighting       | |  3.9
Axes           | |  2.4
Dodging        | |  0.7

Action                   || total
-------------------------++-------
Melee: Hand axe          ||    80
Evoke: Wand              ||     1
 Stab: Petrifying        ||     1
Armor: Plate armour      ||    51
       Leather armour    ||     3
Dodge: Dodged            ||    34
